 Dungeon Crawl Stone Soup version 0.31-a0-455-g1a7b003ef0 (webtiles) character file.

Game seed: 10618403598093782038

97115 throwaway the Severer (level 16, -11/147 HPs)
             Began as a Hill Orc Fighter on Aug 2, 2023.
             Was the Champion of Zin.
             Mangled by a reaper
             ... wielding a +2 scythe of freezing
              (29 damage)
             ... in an ice cave on Aug 3, 2023.
             The game lasted 01:32:47 (25452 turns).

throwaway the Severer (Hill Orc Fighter)           Turns: 25452, Time: 01:32:48

Health: -11/147    AC: 30    Str: 36    XL:     16   Next: 18%
Magic:  27/27      EV: 13    Int:  4    God:    Zin [******]
Gold:   1102       SH:  5    Dex: 10    Spells: 15/15 levels left

rFire   + . .        a - +9 broad axe (freeze)
rCold   + + +        S - +0 buckler {AC+3}
rNeg    + . .        D - +7 Kryia's mail coat {PotionHeal*2 rC+}
rPois   .            l - +0 helmet
rElec   .            c - +1 cloak {rC+}
rCorr   .            Y - +2 pair of gloves {Str+3}
SInv    .            t - +1 pair of boots
Will    +....        z - amulet of regeneration Stlth
                     N - ring of protection from cold
HPRegen 1.24/turn    m - ring "Ytuha" {rF+ rN+ Str+6 Int-4}
MPRegen 0.20/turn

%: no passive effects
@: on recite cooldown
A: no striking features
a: Renounce Religion, Recite, Vitalisation, Imprison, Sanctuary, Donate Gold


You were in an ice cave.
You worshipped Zin.
Zin was exalted by your worship.
You visited 4 branches of the dungeon, and saw 24 of its levels.
You also visited: Sewer, Bailey, Gauntlet and Ice Cave.

You collected 3148 gold pieces.
You spent 1882 gold pieces at shops.
You donated 164 gold pieces to Zin.

Inventory:

Hand Weapons
 a - a +9 broad axe of freezing (weapon)
 q - the +6 war axe "Beastslayer" {antimagic, rN+ Dex+3}
   (You took it off a minotaur in a Gauntlet)

   Dex:       It affects your dexterity (+3).
   rN:        It protects you from negative energy.
 M - a +3 scimitar of flaming
Missiles
 I - 15 boomerangs (quivered)
Armour
 c - a +1 cloak of cold resistance (worn)
 j - a +1 plate armour of poison resistance
 l - a +0 helmet (worn)
 t - a +1 pair of boots (worn)
 D - the +7 Kryia's mail coat (worn) {PotionHeal*2 rC+}
   (You found it in a bailey)

   PotionHeal*2: Potions heal its wearer twice as much.
   rC:        It protects you from cold.
 S - a +0 buckler of protection (worn)
 V - a +2 cloak
 Y - a +2 pair of gloves of strength (worn)
Jewellery
 h - a ring of see invisible
 m - the ring "Ytuha" (right hand) {rF+ rN+ Str+6 Int-4}
   (You found it in a Gauntlet)

   [ring of strength]

   Str:       It affects your strength (+6).
   Int:       It affects your intelligence (-4).
   rF:        It protects you from fire.
   rN:        It protects you from negative energy.
 y - a ring of protection from fire
 z - an amulet of regeneration (around neck)
 N - a ring of protection from cold (left hand)
 X - a ring of willpower
Wands
 B - a wand of digging (7)
 P - a wand of flame (50)
 Q - a wand of light (17)
 U - a wand of mindburst (9)
Scrolls
 f - 2 scrolls of vulnerability
 p - 4 scrolls of fog
 r - 3 scrolls of immolation
 u - 3 scrolls of enchant armour
 E - a scroll of brand weapon
 H - 3 scrolls of summoning
 L - 3 scrolls of fear
 O - 2 scrolls of blinking
 W - 3 scrolls of teleportation
Potions
 b - a potion of berserk rage
 d - 4 potions of might
 g - 5 potions of curing
 i - 2 potions of ambrosia
 k - 5 potions of cancellation
 s - 3 potions of mutation
 v - 3 potions of attraction
 w - 4 potions of heal wounds
 x - a potion of haste
 Z - a potion of invisibility
Miscellaneous
 e - a tin of tremorstones (1/2)
 C - a phantom mirror
 G - a phial of floods


   Skills:
 + Level 14.5 Fighting
 - Level 18.0 Axes
 + Level 14.3 Armour
 + Level 8.9 Dodging
 + Level 8.0 Shields
 + Level 14.8 Invocations
 - Level 7.7 Evocations


You had 15 spell levels left.
You didn't know any spells.
Your spell library contained the following spells:

 Spells                   Type           Power      Damage    Failure   Level
 Sandblast                Erth           0%         2d4       69%         1
 Shock                    Conj/Air       0%         1d3       69%         1
 Sting                    Tmut/Pois      0%         1d3       69%         1
 Summon Small Mammal      Summ           0%         N/A       69%         1
 Cigotuvi's Dreadful Rot  Necr/Pois/Air  0%         N/A       83%         2
 Momentum Strike          Conj/Tloc      0%         3d8       83%         2
 Passwall                 Tmut/Erth      0%         N/A       83%         2
 Poisonous Vapours        Pois/Air       0%         N/A       83%         2
 Call Canine Familiar     Summ           0%         N/A       96%         3
 Inner Flame              Hex/Fire       0%         N/A       96%         3
 Mephitic Cloud           Conj/Pois/Air  0%         N/A       96%         3
 Ozocubu's Armour         Ice            0%         N/A       96%         3
 Stone Arrow              Conj/Erth      0%         3d7       96%         3
 Summon Guardian Golem    Hex/Summ       0%         N/A       96%         3
 Swiftness                Air            0%         N/A       96%         3
 Airstrike                Air            0%         2d(0-16)  100%        4
 Olgreb's Toxic Radiance  Pois           0%         N/A       100%        4
 Petrify                  Tmut/Erth      0%         N/A       100%        4
 Agony                    Necr           0%         N/A       100%        5
 Freezing Cloud           Conj/Ice/Air   0%         6-21      100%        5
 Starburst                Conj/Fire      0%         6d3       100%        6
 Ozocubu's Refrigeration  Ice            0%         4d7       100%        7


Dungeon Overview and Level Annotations

Branches:
Dungeon (15/15)            Temple (0/1) D:5            Lair (5/5) D:8
  Swamp (2/4) Lair:2       Spider (0/4) Lair:3        Slime (0/5) Lair:4
    Orc (2/2) D:12            Elf (0/3) Orc:2        Vaults (0/5) D:13
 Depths (0/4) D:15          Sewer (visited)          Bailey (visited)
  IceCv (1/1)             Gauntlet (visited)

Altars:
Dithmenos
Elyvilon
Fedhas
Kikubaaqudgha
Nemelex Xobeh
Uskayaw
Vehumet
Zin
Beogh
Jiyva

Shops:
D:4 =   D:5 ?=   Orc:1 (:*[   Orc:2 =[(?

Annotations:
Orc:1 6 transporters


Message History

3 reapers come into view.
A reaper is wielding a +1 scythe of freezing.
A reaper is wielding a +0 scythe of freezing.
A reaper is wielding a +2 scythe of freezing.
The reaper hits you from afar with a +0 scythe of freezing!!
The reaper freezes you. The reaper beckons to you.
Found a scroll of vulnerability, a scroll of amnesia and a book of the Tundra.
Found a longbow of freezing and 14 gold pieces.
The reaper hits you from afar with a +1 scythe of freezing!
The reaper hits you from afar with a +0 scythe of freezing!!
The reaper freezes you.
Activating: Recite (0% risk of failure)
Press: ? - help, Dir - look around, f - activate You clear your throat and prepare to recite. "In a great set of silver scales are weighed the..."
The reaper is limned with silver light.
The reaper stumbles about in disarray.
The reaper closely misses the reaper.
The reaper hits you from afar with a +0 scythe of freezing.
The reaper hits you but does no damage. "...souls of the legions of the damned, and with their sacrilegious..."
The reaper is limned with silver light.
The reaper hits you with a +0 scythe of freezing!!
The reaper freezes you. The reaper hits you but does no damage.
There is an open door, spattered with blood here.
You hit the reaper. You freeze the reaper.
The reaper is lightly wounded.
You barely miss the reaper. You slash the reaper!
The reaper stops glowing.
The reaper hits you with a +0 scythe of freezing!
The reaper hits you with a +2 scythe of freezing!
* * * LOW HITPOINT WARNING * * *
You hit the reaper but do no damage.
You barely miss the reaper. "...ways, the balance hath tipped against them!"
You finish reciting Anathema 11:73.
The reaper completely misses you.
The reaper hits you with a +2 scythe of freezing!!
* * * LOW HITPOINT WARNING * * *
The reaper freezes you.
* * * LOW HITPOINT WARNING * * *
The reaper attacks as you move away!
The reaper hits you with a +2 scythe of freezing!!
You die...

#############
#.'.........'
#.#####'#####
##.#.#.#.#.#.#
######8.#'#'#.#'#'#
#.......#.........'
#.#####.#.8.8.8.8.#
##.#?.:#.#..........
#⌠.@22?#.'..........
##.#2.$#.#..........
#.#####.#.8.8.8.8.#
#.......#.........'
######8.#'#'#.#'#'#
#.#.#.#.#.#
#####'#####
+.........†
###########


You could see 3 reapers.

Vanquished Creatures
  2 orc warlords
  A very ugly thing (IceCv)
  2 eleionomae
  Azrael (D:12)
  A minotaur (Gauntlet)
  Nessos (D:13)
  2 bunyips (Swamp:1)
  2 dire elephants
  Fannar (Lair:2)
  A great orb of eyes (D:15)
  4 hydras
  An ogre mage (Orc:2)
  Erolcha (Orc:2)
  3 caustic shrike simulacra (IceCv)
  2 boulder beetles
  6 death yaks
  A catoblepas (Lair:5)
  3 centaur warriors
  A deep troll shaman (Lair:5)
  6 two-headed ogres
  3 alligators
  A skeletal warrior (D:10)
  2 sixfirhies (Gauntlet)
  2 skysharks
  2 goliath frogs (Swamp:1)
  A pharaoh ant (Lair:3)
  A deep troll (D:13)
  A swamp dragon (Swamp:1)
  2 obsidian statues (IceCv)
  A spriggan simulacrum (IceCv)
  6 bog bodies
  A deep elf archer (D:14)
  A necromancer (D:13)
  3 deep elf pyromancers
  3 orc knights
  9 orc sorcerers (Orc:2)
  4 ugly things
  3 manticores
  2 will-o-the-wisps
  A salamander (shapeshifter) (D:15)
  A salamander (D:15)
  3 cyclopes
  12 elephants
  2 black mambas
  A torpor snail (Lair:3)
  11 cane toads
  Maggie (D:7)
  A gargoyle (D:11)
  2 kobold demonologists
  2 rime drakes (Lair:2)
  2 efreet (D:15)
  A freezing wraith (IceCv)
  3 unseen horrors
  4 komodo dragons
  A tengu conjurer (D:13)
  An anaconda simulacrum (IceCv)
  3 golden dragon simulacra (IceCv)
  A polar bear (Lair:5)
  5 tyrant leeches
  A hornet (D:10)
  8 trolls
  Grinder (D:3)
  15 blink frogs
  13 slime creatures (D:12)
  A jumping spider (shapeshifter) (D:13)
  2 jumping spiders (Lair:3)
  3 shadows
  A wraith (D:12)
  A centaur simulacrum (D:15)
  A vampire (D:12)
  A wyvern (Lair:4)
  5 basilisks
  56 yaks
  3 fire elementals (D:12)
  A minotaur simulacrum (IceCv)
  A human (shapeshifter) (D:13)
  4 steam dragons
  6 vampire mosquitoes
  2 swamp worms (Swamp:1)
  3 wargs (Orc:1)
  2 hell hounds (D:12)
  13 water moccasins
  6 ettin simulacra (IceCv)
  33 orc warriors
  7 black bears
  12 ogres
  15 wolves
  4 centaurs
  A phantom (D:4)
  10 kobold brigands
  4 gnoll sergeants
  3 scorpions
  16 bullfrogs
  7 wights
  A deep troll simulacrum (IceCv)
  A lindwurm simulacrum (IceCv)
  9 howler monkeys
  4 jellies
  An electric eel (Lair:3)
  3 hounds
  11 orc priests
  4 iguanas
  A sleepcap (D:7)
  25 orc wizards
  17 gnolls
  12 adders
  A river rat (Sewer)
  A shadow imp (D:7)
  2 white imps
  An ufetubus (D:4)
  8 worms
  5 dart slugs
  66 orcs
  6 bats
  16 endoplasms
  4 giant cockroaches
  12 goblins
  6 hobgoblins
  12 jackals
  34 kobolds
  7 quokkas
  5 ball pythons
  5 frilled lizards
  9 rats
699 creatures vanquished.

Vanquished Creatures (others)
  An orc wizard (D:12)
  16 foxfires (Swamp:1)
17 creatures vanquished.

Grand Total: 716 creatures vanquished

Notes
Turn   | Place    | Note
-------+----------+-------------------------------------------
     0 | D:1      | throwaway the Hill Orc Fighter began the quest for the Orb.
     0 | D:1      | Reached XP level 1. HP: 19/19 MP: 1/1
    24 | D:1      | Reached skill level 3 in Axes
   120 | D:1      | Reached XP level 2. HP: 26/26 MP: 2/2
   172 | D:1      | Reached skill level 4 in Axes
   207 | D:1      | Reached XP level 3. HP: 27/31 MP: 3/3
   261 | D:1      | Found a faded altar of an unknown god.
   288 | D:1      | Prayed at the altar of an unknown god.
   288 | D:1      | Became a worshipper of Zin the Law-Giver
   288 | D:1      | Reached * piety under Zin
   650 | D:1      | Reached skill level 5 in Axes
   750 | D:2      | Reached skill level 1 in Invocations
   790 | D:2      | Reached XP level 4. HP: 34/39 MP: 4/4
   792 | D:2      | Reached ** piety under Zin
  1413 | D:3      | Reached skill level 6 in Axes
  1468 | D:3      | Reached XP level 5. HP: 43/45 MP: 6/6
  1818 | D:3      | Noticed Grinder
  1887 | D:3      | Killed Grinder
  1888 | D:3      | Reached skill level 7 in Axes
  1888 | D:3      | Reached XP level 6. HP: 42/51 MP: 6/8
  1910 | D:3      | Reached *** piety under Zin
  2017 | D:3      | Found a glowing silver altar of Zin.
  2022 | D:3      | Found a hide-covered altar of Uskayaw.
  2022 | D:3      | Found a shadowy altar of Dithmenos.
  2341 | D:4      | Reached skill level 8 in Axes
  2436 | D:4      | Reached XP level 7. HP: 33/57 MP: 10/10
  2532 | D:4      | Found Anyig's Jewellery Shop.
  2568 | D:4      | Reached skill level 9 in Axes
  3182 | D:5      | Entered Level 5 of the Dungeon
  3237 | D:5      | Found a glowing drain.
  3252 | Sewer    | Entered a sewer
  3295 | Sewer    | Reached skill level 10 in Axes
  3623 | Sewer    | Reached XP level 8. HP: 59/66 MP: 11/11
  4049 | D:5      | Found a staircase to the Ecumenical Temple.
  4068 | D:5      | Found a blossoming altar of Fedhas.
  4159 | D:5      | Reached **** piety under Zin
  4192 | D:5      | Found Plog's Jewellery Shop.
  4339 | D:5      | Found Mexe's Magic Scroll Boutique.
  4372 | D:5      | Reached skill level 5 in Invocations
  4428 | D:5      | Identified the +5 dagger of Nybroece {venom, *Slow MP+9
                  | Dex+8}
  4687 | D:6      | Reached skill level 11 in Axes
  4688 | D:6      | Noticed a troll
  4700 | D:6      | Killed a troll
  4701 | D:6      | Reached skill level 5 in Fighting
  5124 | D:6      | Identified the +5 falchion of Precise Incision {freeze,
                  | Int+3}
  5179 | D:6      | Reached skill level 5 in Armour
  5179 | D:6      | Reached XP level 9. HP: 71/74 MP: 13/13
  5389 | D:7      | Reached skill level 12 in Axes
  5559 | D:7      | Found a roughly hewn altar of Beogh.
  5559 | D:7      | Found the +7 staff of the Meek {protect, meekguard}
  5630 | D:7      | Noticed Maggie
  6035 | D:7      | Noticed a troll
  6069 | D:7      | Killed a troll
  6092 | D:7      | Found an ancient bone altar of Kikubaaqudgha.
  6156 | D:7      | Noticed a manticore
  6192 | D:7      | Reached skill level 13 in Axes
  6523 | D:7      | Reached ***** piety under Zin
  6574 | D:7      | Killed a manticore
  6575 | D:7      | Reached XP level 10. HP: 68/86 MP: 14/16
  6667 | D:7      | Killed Maggie
  6983 | D:7      | Reached skill level 14 in Axes
  7291 | D:7      | Killed an unseen horror
  7297 | D:7      | Noticed a deep elf pyromancer
  7306 | D:7      | Killed a deep elf pyromancer
  7520 | D:7      | Got Mabef's Opusculum on Smouldering Alteration
  7860 | D:8      | Reached skill level 15 in Axes
  7870 | D:8      | Reached XP level 11. HP: 57/95 MP: 16/18
  7983 | D:8      | Found a flagged portal.
  7988 | Bailey   | Entered a bailey
  8121 | Bailey   | Found a large runed translucent door.
  8121 | Bailey   | Found a large runed translucent door.
  8122 | Bailey   | Noticed a deep elf pyromancer
  8123 | Bailey   | Noticed an orc knight
  8153 | Bailey   | Killed an orc knight
  8336 | Bailey   | Identified the +7 quarterstaff "Zeqerchupp" {holy, rC+}
  8337 | Bailey   | Found the +7 Kryia's mail coat {PotionHeal*2 rC+}
  8375 | Bailey   | Killed a deep elf pyromancer
  8392 | Bailey   | Identified the +7 chain mail of the Ten Spines {rN+ Dex+2}
  8526 | D:8      | Found a staircase to the Lair.
  8835 | D:8      | Identified the +2 helmet of Boutaiv {Harm}
  9093 | D:9      | Reached ****** piety under Zin
  9168 | D:9      | Reached skill level 16 in Axes
  9698 | D:9      | Found a white marble altar of Elyvilon.
 10274 | D:10     | Entered Level 10 of the Dungeon
 10772 | D:10     | Noticed a centaur warrior
 10774 | D:10     | Noticed a skeletal warrior
 10781 | D:10     | Noticed a two-headed ogre
 10783 | D:10     | Killed a centaur warrior
 10795 | D:10     | Noticed a four-headed hydra
 11074 | D:10     | Killed a skeletal warrior
 11075 | D:10     | Reached skill level 17 in Axes
 11116 | D:10     | Reached XP level 12. HP: 81/106 MP: 19/19
 11123 | D:10     | Killed a two-headed ogre
 11237 | D:10     | Killed a one-headed hydra
 11652 | D:11     | Noticed a two-headed ogre
 11799 | Lair:1   | Entered Level 1 of the Lair of Beasts
 11840 | Lair:1   | Reached skill level 18 in Axes
 12045 | D:8      | Reached skill level 10 in Fighting
 12045 | D:8      | Reached skill level 10 in Invocations
 12059 | D:8      | Reached skill level 10 in Armour
 12090 | D:8      | Reached skill level 1 in Dodging
 12970 | Lair:1   | Upgraded the game from 0.31-a0-441-g867994ef1c to
                  | 0.31-a0-455-g1a7b003ef0
 13111 | Lair:2   | Found a staircase to the Swamp.
 13171 | Lair:2   | Reached skill level 5 in Shields
 13248 | Lair:2   | Found a gate leading to a gauntlet.
 13263 | Gauntlet | Entered a Gauntlet
 13263 | Gauntlet | Found a transporter.
 13263 | Gauntlet | Found a transporter.
 13264 | Gauntlet | Found a transporter.
 13267 | Gauntlet | Found a transporter.
 13267 | Gauntlet | Found a transporter.
 13269 | Gauntlet | Found a transporter.
 13277 | Gauntlet | Found a transporter.
 13281 | Gauntlet | Found a transporter.
 13291 | Gauntlet | Found a transporter.
 13393 | Gauntlet | Found a transporter.
 13397 | Gauntlet | Found a transporter.
 13411 | Gauntlet | Found a transporter.
 13509 | Gauntlet | Identified the ring "Ytuha" {rF+ rN+ Str+6 Int-4}
 13516 | Gauntlet | Reached XP level 13. HP: 94/115 MP: 21/21
 13554 | Gauntlet | Identified the +6 war axe "Beastslayer" {antimagic, rN+
                  | Dex+3}
 13554 | Gauntlet | Noticed a minotaur
 13578 | Gauntlet | Killed a minotaur
 13585 | Gauntlet | Got the Exposition on Twisted Corpses
 13587 | Gauntlet | Identified the +2 helmet "Sior" {-Tele rN+++ rCorr Int-2}
 13907 | Lair:2   | Noticed Fannar
 13927 | Lair:2   | Killed Fannar
 14604 | Lair:3   | Found a hole to the Spider Nest.
 14802 | Lair:3   | Identified the +3 glaive of Jiceo {flame, rC+}
 15152 | Lair:4   | Found a viscous altar of Jiyva.
 15152 | Lair:4   | Found a staircase to the Slime Pits.
 15274 | Lair:4   | Reached skill level 5 in Dodging
 16074 | Lair:5   | Entered Level 5 of the Lair of Beasts
 16176 | Lair:5   | Reached XP level 14. HP: 104/127 MP: 23/23
 16917 | Lair:5   | Noticed a dire elephant
 16938 | Lair:5   | Killed a dire elephant
 18320 | D:12     | Noticed Azrael
 18353 | D:12     | Killed Azrael
 18669 | D:12     | Reached skill level 1 in Evocations
 18995 | D:12     | Found a staircase to the Orcish Mines.
 19013 | D:12     | Found a roughly hewn altar of Beogh.
 19217 | Orc:1    | Entered Level 1 of the Orcish Mines
 19217 | Orc:1    | Found Jellaogg's Book Emporium.
 19243 | Orc:1    | Noticed an orc warlord
 19263 | Orc:1    | Killed an orc warlord
 19264 | Orc:1    | Reached skill level 5 in Evocations
 19443 | Orc:1    | Found a transporter.
 19464 | Orc:1    | Found a transporter.
 19466 | Orc:1    | Found a transporter.
 19469 | Orc:1    | Noticed a juggernaut
 19551 | Orc:1    | Found Tash's Antique Weapon Shop.
 19674 | Orc:1    | Found Qepen's Armour Shoppe.
 19789 | Orc:1    | Found a transporter.
 19790 | Orc:1    | Found a sparkling altar of Nemelex Xobeh.
 19790 | Orc:1    | Found a transporter.
 19791 | Orc:1    | Found a transporter.
 19840 | Orc:1    | Found Qilull's General Store.
 19865 | Orc:2    | Entered Level 2 of the Orcish Mines
 19867 | Orc:2    | Found a roughly hewn altar of Beogh.
 19949 | Orc:2    | Found a staircase to the Elven Halls.
 20141 | Orc:2    | Noticed an orc warlord
 20164 | Orc:1    | Reached XP level 15. HP: 82/136 MP: 24/24
 20306 | Orc:2    | Killed an orc warlord
 20688 | Orc:2    | Found Eklusm's Magic Scroll Shop.
 20753 | Orc:2    | Found an ancient bone altar of Kikubaaqudgha.
 20775 | Orc:2    | Found Dintich's Antique Weapon Boutique.
 20796 | Orc:2    | Noticed Erolcha
 20801 | Orc:2    | Killed Erolcha
 20803 | Orc:2    | Found a radiant altar of Vehumet.
 20831 | Orc:2    | Found a roughly hewn altar of Beogh.
 20831 | Orc:2    | Found Piewum's Antique Armour Boutique.
 20834 | Orc:2    | Found Otakk's Jewellery Shop.
 20918 | Orc:2    | Bought a pair of glowing gloves for 217 gold pieces
 21160 | D:5      | Bought a scroll of acquirement for 728 gold pieces
 21160 | D:5      | Acquired 651 gold pieces
 21171 | D:5      | Bought an amulet of regeneration for 450 gold pieces
 21376 | Orc:1    | Bought a +2 pair of gloves of strength for 322 gold pieces
 21596 | D:4      | Bought a ring of see invisible for 165 gold pieces
 22074 | D:13     | Noticed Nessos
 22099 | D:13     | Killed Nessos
 22195 | D:13     | Found a gate to the Vaults.
 22538 | D:14     | Found a sparkling altar of Nemelex Xobeh.
 23187 | D:15     | Entered Level 15 of the Dungeon
 23530 | D:15     | Found a staircase to the Depths.
 24348 | Swamp:1  | Entered Level 1 of the Swamp
 24930 | Swamp:2  | Found a frozen archway.
 24969 | IceCv    | Entered an ice cave
 24979 | IceCv    | Reached XP level 16. HP: 131/146 MP: 26/26
 25452 | IceCv    | Mangled by a reaper

Illustrated notes

Levels and vault maps discovered:
D:1:      matt_arrival_diagonals, layout_basic, shapermc_ecumenical_altar_venn,
          st_stairs_6
D:2:      minmay_chambers_of_ones, layout_basic, minmay_tetromino_s2
D:3:      layout_loops_ring, chequers_temple_overflow_statue_of_worship,
          minmay_joined_circles, uniq_grinder
D:4:      minmay_inner_zag, layout_loops_ring, serial_shops, shop
D:5:      layout_gridville, overflow_temple_1_default,
          minmay_temple_entry_poolview, portal_sewer_entry_d, serial_shops,
          shop, shop
D:6:      layout_basic, small_statue_intersection, chequers_mini_garden
D:7:      minmay_the_grid_octo_tiled_octocenter
          [minmay_the_grid_octo_thin_diamonds, minmay_the_grid_octo_toaster,
          minmay_the_grid_octo_checkered, minmay_the_grid_octo_horde,
          minmay_the_grid_octo_prize_single_spiral,
          minmay_the_grid_square_5x5_tie, minmay_the_grid_square_5x5_inner_v,
          minmay_the_grid_square_5x5_three_walls,
          minmay_the_grid_square_5x5_moneybag], layout_loops_cross,
          mainiacjoe_overflow_alcove_2, pf_guarded_unrand_meek, uniq_maggie
D:8:      layout_loops_ring, grunt_lair_entry_orc_guard_hut, enter_bailey_3
D:9:      layout_stronghold, nicolae_elyvilon_temple_path
D:10:     minmay_cornered_nines, layout_loops_cross
D:11:     layout_stronghold
D:12:     layout_rooms, minmay_orc_entry_temple_small, uniq_azrael
D:13:     layout_irregular_city, david_vaults_4, uniq_nessos
D:14:     layout_roguey, roderic_lattice_octagonal_star,
          nemelex_spade_bored_becter
D:15:     hangedman_depths_entry_try_elsewhere_first, layout_long_grid,
          small_statue_intersection
Lair:1:   layout_gridlike, grunt_megastairs_2
Lair:2:   layout_hall_layers, skrybe_swamp_entry_bodies, gauntlet_entry_generic,
          st_stairs_7, grunt_megastairs_1, serial_bayou_shore_a, uniq_fannar
Lair:3:   layout_chaotic_city, nicolae_spider_entry_lesser_pyramids,
          serial_bayou, serial_bayou_crossing, serial_bayou_pond_d,
          serial_bayou_pond_d, serial_bayou_lagoon_a
Lair:4:   layout_long_grid, nicolae_slime_entry_slimehenge,
          serial_bayou_shore_b, infiniplex_staircase_pool
Lair:5:   grunt_lair_end_beastmaster, layout_cave_pods
Swamp:1:  layout_basic_swamp, evilmike_swamp_ruin_house_6
Swamp:2:  layout_basic_swamp, portal_ice_cave_entry_pillars_1, swamp_pool5,
          nicolae_swamp_soggy_hallways
Orc:1:    layout_caves, serial_shops, nicolae_shop_back_alley_shop,
          nicolae_shop_behind_doors, shop, shop, hellmonk_jugg_or_not
Orc:2:    kennysheep_orc_mage_school, layout_caves, basic_altar
IceCv:    ice_cave_tombish

Skill      XL: |  1  2  3  4  5  6  7  8  9 10 11 12 13 14 15 16 |
---------------+-------------------------------------------------+-----
Axes           | 3 4 5 6 7 8 10 11 13 15 17 18 | 18.0
Invocations    | 1 2 3 4 6 8 9 11 13 14 | 14.8
Fighting       | 4 5 7 8 9 10 12 13 14 | 14.5
Armour         | 5 6 7 9 10 12 13 14 | 14.3
Dodging        | 3 5 7 8 |  8.9
Shields        | 5 7 8 |  8.0
Evocations     | 6 7 |  7.7

Action                     |  1- 3 |  4- 6 |  7- 9 | 10-12 | 13-15 | 16-18 || total
---------------------------+-------+-------+-------+-------+-------+-------++-------
  Melee: War axe           |    86 |   185 |   343 |    15 |       |       ||   629
         Broad axe         |       |       |       |   466 |   910 |    87 ||  1463
         Falchion          |       |       |       |    11 |     5 |       ||    16
         Scimitar          |       |       |       |       |    22 |       ||    22
  Throw: Dart              |       |       |     2 |       |       |       ||     2
         Boomerang         |       |       |     6 |     5 |    11 |       ||    22
 Invoke: Recite            |       |     2 |     6 |     8 |    14 |     1 ||    31
         Vitalisation      |       |       |     2 |     4 |     2 |       ||     8
         Sanctuary         |       |       |       |       |     1 |       ||     1
  Evoke: Wand              |       |       |       |     6 |     2 |     3 ||    11
         Tin of tremorston |       |       |       |       |     2 |       ||     2
    Use: Scroll            |       |    10 |     5 |    20 |    13 |       ||    48
         Potion            |       |       |     2 |     7 |     6 |       ||    15
   Stab: Confused          |       |     1 |     1 |     1 |    15 |       ||    18
         Invisible         |       |       |     4 |     4 |     2 |       ||    10
         Paralysed         |       |       |       |       |    23 |       ||    23
 Armour: Scale mail        |    45 |    85 |    63 |   181 |    21 |    42 ||   437
         Chain mail        |       |       |    58 |    43 |   352 |       ||   453
         Plate armour      |       |       |       |       |    99 |       ||    99
  Dodge: Dodged            |    33 |    74 |   120 |   155 |   319 |    27 ||   728
  Block: Buckler           |    18 |    31 |    68 |    80 |   143 |    16 ||   356

Table legend: (Time is in decaauts)
 A = Elapsed time spent in this place.
 B = Non-inter-level travel time spent in this place.
 C = Inter-level travel time spent in this place.
 D = Time resting spent in this place.
 E = Time spent auto-exploring this place.
 F = Levels seen in this place.
 G = Mean time per level.
                   A        B        C        D        E       F      G
               +--------+--------+--------+--------+--------+-----+--------+
         Total |  25420 |  22773 |   2647 |   4218 |  13250 |  28 |  907.9 |
       Dungeon |  15950 |  14013 |   1937 |   2661 |   8528 |  15 | 1063.3 |
          Lair |   5240 |   4802 |    438 |    946 |   2806 |   5 | 1048.0 |
         Swamp |    384 |    366 |     18 |      0 |    208 |   2 |  192.0 |
  Orcish Mines |   1677 |   1425 |    252 |    128 |    919 |   2 |  838.5 |
         Sewer |    818 |    818 |      0 |     47 |    464 |   1 |  818.0 |
        Bailey |    469 |    469 |      0 |    149 |    112 |   1 |  469.0 |
      Ice Cave |    455 |    455 |      0 |    173 |     44 |   1 |  455.0 |
      Gauntlet |    422 |    422 |      0 |    113 |    168 |   1 |  422.0 |
               +--------+--------+--------+--------+--------+-----+--------+

Top non-repeatable levels by time:
     D:7: 1888 daAuts
     D:9: 1852 daAuts
     D:6: 1441 daAuts
  Lair:5: 1237 daAuts
     D:8: 1226 daAuts
  Lair:2: 1177 daAuts
  Lair:1: 1143 daAuts
    D:10: 1117 daAuts
    D:11: 1049 daAuts
     D:4: 1000 daAuts
    D:12: 992 daAuts
  Lair:4: 959 daAuts
     D:3: 897 daAuts
   Orc:1: 896 daAuts
     D:5: 830 daAuts
